 Dungeon Crawl Stone Soup version 0.20.1-1-g8b1a95d (webtiles) character file.

416 vatarom the Magician (level 6, 0/46 HPs)
             Began as a Demonspawn Wizard on Oct 16, 2017.
             Shot with an arrow by a centaur (13 damage)
             ... on level 5 of the Dungeon.
             The game lasted 00:09:45 (4763 turns).

vatarom the Magician (Demonspawn Wizard)            Turns: 4763, Time: 00:09:45

Health: 0/46       AC:  3    Str:  7    XL:     6   Next: 60%
Magic:  5/13       EV: 12    Int: 22    God:
Gold:   248        SH:  0    Dex: 11    Spells: 3/14 levels left

rFire    . . .     SeeInvis .   b - +1 dagger
rCold    . . .     Gourm    .   (no shield)
rNeg     . . .     Faith    .   k - +0 robe
rPois    .         Spirit   .   f - +0 hat
rElec    .         Reflect  .   h - +0 cloak (curse)
rCorr    .         Harm     .   (no gloves)
MR       .....                  (no boots)
Stlth    ++........             m - amulet of magic regeneration
Regen    0.2/turn               (no ring)
MPRegen  0.2/turn               (no ring)

@: about to teleport
A: antennae 2, claws 1, spiny 2
a: no special abilities


You were on level 5 of the Dungeon.
You were hungry.

You visited 1 branch of the dungeon, and saw 5 of its levels.

You collected 248 gold pieces.

Inventory:

Hand Weapons
 a - a +0 hunting sling
 b - a +1 dagger (weapon)
Missiles
 t - 103 stones (quivered)
Armour
 f - a +0 hat (worn)
 h - a cursed +0 cloak (worn)
 k - a +0 robe (worn)
Jewellery
 l - an uncursed amulet of rage {unknown}
 m - an amulet of magic regeneration (around neck)
Wands
 u - a wand of iceblast (8/15)
Scrolls
 s - a scroll of teleportation
 w - a scroll of remove curse
Potions
 i - a potion of haste
 j - a potion of heal wounds {unknown}
 o - a potion of ambrosia
 p - a potion of might
 q - a potion of cancellation
 r - a potion of brilliance {unknown}
 x - a potion of lignification {unknown}
Books
 c - a book of Minor Magic

   Spells                             Type                      Level
   a - Magic Dart                     Conjuration                  1
   b - Blink                          Translocation                2
   c - Call Imp                       Summoning                    2
   d - Slow                           Hexes                        2
   e - Conjure Flame                  Conjuration/Fire             3
   f - Mephitic Cloud                 Conjuration/Poison/Air       3
Comestibles
 d - 7 bread rations
 g - a meat ration


   Skills:
 + Level 2.7 Fighting
 - Level 1.7 Dodging
 - Level 1.7 Stealth
 + Level 4.7 Spellcasting
 * Level 4.6 Conjurations
 - Level 1.0 Summonings
 - Level 0.8 Translocations


You had 3 spell levels left.
You knew the following spells:

 Your Spells              Type           Power        Failure   Level  Hunger
a - Magic Dart            Conj           ####         1%          1    None
b - Call Imp              Summ           #.......     11%         2    None
c - Conjure Flame         Conj/Fire      ###.....     12%         3    ##.....
d - Mephitic Cloud        Conj/Pois/Air  ##......     17%         3    ##.....
B - Blink                 Tloc           N/A          11%         2    None


Dungeon Overview and Level Annotations

Branches:
Dungeon (5/15)
 Temple: D:4-7

Altars:
Cheibriados
Dithmenos
Makhleb
Yredelemnul


Innate Abilities, Weirdness & Mutations

You have a pair of antennae on your head.
You have sharp fingernails.
You are mostly covered in sharp spines.


Message History

The centaur shouts!
The centaur wields a shortbow.
The centaur shoots an arrow.
The arrow hits you.
* * * LOW HITPOINT WARNING * * *
The centaur shoots an arrow.
The arrow hits you!
* * * LOW HITPOINT WARNING * * *
Okay, then.
You feel better.
The centaur shoots an arrow.
The arrow hits you!
* * * LOW HITPOINT WARNING * * *
The centaur shoots an arrow.
The arrow misses you.
You feel better.
The centaur shoots an arrow.
The arrow hits you!
* * * LOW HITPOINT WARNING * * *
The centaur shoots an arrow.
The arrow misses you.
The centaur shoots an arrow.
The arrow completely misses you.
Unknown command.
Okay, then.
You feel better.
The centaur shoots an arrow.
The arrow closely misses you.
Unknown command.
As you read the scroll of teleportation, it crumbles to dust.
You feel strangely unstable.
The centaur shoots an arrow.
The arrow hits you!
You die...

... #...### .)....
.cc.## )... #..#
#..####### #@.#.....#
#.((.....# #
#.##(....#.##
#.##.........
####.......#..# ####
#..........#..# #..
#......###.#..# #.#
#..........#..###.###
#....#######.........


You could see 2 centaurs.

Vanquished Creatures
  A scorpion (D:4)
  A hound (D:4)
  2 bullfrog skeletons
  A centaur skeleton (D:5)
  A worker ant (D:4)
  A hound skeleton (D:4)
  9 adders
  A howler monkey skeleton (D:4)
  2 oozes (D:2)
  An adder skeleton (D:4)
  2 worms
  3 dart slugs (D:1)
  6 leopard geckos
  5 orcs
  A ball python (D:3)
  12 bats
  3 giant cockroaches
  7 goblins
  11 hobgoblins
  7 jackals
  7 frilled lizards
  4 kobolds
  A quokka skeleton (D:3)
  7 rats
96 creatures vanquished.

Notes
Turn   | Place    | Note
-------+----------+-------------------------------------------
     0 | D:1      | vatarom the Demonspawn Wizard began the quest for the Orb.
     0 | D:1      | Reached XP level 1. HP: 13/13 MP: 4/4
   323 | D:1      | Gained mutation: You have a pair of small antennae on your head. [demonic ancestry]
   323 | D:1      | Reached XP level 2. HP: 20/20 MP: 3/6
   507 | D:1      | Reached skill level 1 in Fighting
   732 | D:1      | HP: 1/21 [hobgoblin/club (6)]
   917 | D:1      | Learned a level 2 spell: Call Imp
   920 | D:1      | Learned a level 2 spell: Blink
  1007 | D:1      | Gained mutation: You are partially covered in sharp spines. [demonic ancestry]
  1007 | D:1      | Reached XP level 3. HP: 23/26 MP: 0/7
  1074 | D:1      | Learned a level 3 spell: Conjure Flame
  2187 | D:2      | Found a snail-covered altar of Cheibriados.
  2259 | D:2      | Gained mutation: You are mostly covered in sharp spines. [demonic ancestry]
  2259 | D:2      | Reached XP level 4. HP: 24/32 MP: 4/9
  2362 | D:2      | Found a burning altar of Makhleb.
  3006 | D:3      | Gained mutation: You have sharp fingernails. [demonic ancestry]
  3006 | D:3      | Reached XP level 5. HP: 29/38 MP: 4/10
  3180 | D:3      | Found a basalt altar of Yredelemnul.
  3236 | D:3      | Learned a level 3 spell: Mephitic Cloud
  3394 | D:3      | Found a shadowy altar of Dithmenos.
  3752 | D:4      | Gained mutation: You have a pair of antennae on your head. [demonic ancestry]
  3752 | D:4      | Reached XP level 6. HP: 14/46 MP: 8/12
  4656 | D:5      | Entered Level 5 of the Dungeon
  4760 | D:5      | HP: 2/46 [centaur/arrow (8)]
  4763 | D:5      | Shot with an arrow by a centaur

Skill      XL: |  1  2  3  4  5 |
---------------+----------------+-----
Fighting       | 1 2 |  2.7
Conjurations   | 2 3 4 |  4.6
Spellcasting   | 4 |  4.7
Dodging        | |  1.7
Stealth        | |  1.7
Summonings     | |  1.0
Translocations | |  0.8

Action                   |  1- 3 |  4- 6 || total
-------------------------+-------+-------++-------
Melee: Dagger            |    66 |    31 ||    97
 Fire: Hunting sling     |       |     7 ||     7
 Cast: Magic Dart        |    83 |   114 ||   197
       Conjure Flame     |     1 |       ||     1
       Mephitic Cloud    |       |     1 ||     1
  Use: Scroll            |     3 |     8 ||    11
       Potion            |       |     7 ||     7
 Stab: Sleeping          |     2 |     1 ||     3
  Eat: Chunk             |     4 |     7 ||    11
Armor: Robe              |     6 |     5 ||    11
Dodge: Dodged            |    53 |    48 ||   101
